 Dungeon Crawl Stone Soup version 0.28-a0-706-gf6f64a616a (webtiles) character file.

Game seed: 15933235938508978693

111530 jasper the Warrior (level 16, -1/147 HPs)
             Began as a Demonspawn Artificer on Oct 24, 2021.
             Was a High Priest of Trog.
             Killed from afar by a salamander mystic (29 damage)
             ... with a lance of force
             ... on level 2 of the Snake Pit.
             The game lasted 00:51:10 (32225 turns).

jasper the Warrior (Demonspawn Artificer)          Turns: 32225, Time: 00:51:11

Health: -1/147     AC: 22    Str: 19    XL:     16   Next: 9%
Magic:  16/16      EV: 13    Int: 14    God:    Trog [*****.]
Gold:   946        SH:  9    Dex: 15    Spells: 15/15 levels left

rFire   . . .      SeeInvis .   m - +7 lajatang of Order {silver, rMut}
rCold   + + .      Faith    .   (shield currently unavailable)
rNeg    + . .      Spirit   .   M - +1 chain mail of Spite {Str+2}
rPois   +          Reflect  +   o - +1 helmet
rElec   +          Harm     .   d - scarf {+Inv}
rCorr   .          Rampage  .   (gloves unavailable)
rMut    +                       r - +2 pair of boots {Fly}
Will    ++++.                   t - amulet of Peace {Reflect rElec rC+ Will+ Regen+ SH+5}
Stlth   ..........              b - ring of protection from cold
HPRegen 2.34/turn               C - ring of Fanaticism {rPois rN+}
MPRegen 0.15/turn

@: strong-willed, flying, regenerating, studying 2 skills
A: claws 3, rugged brown scales 3, condensation shield, demonic magic 2, large
bone plates 1, clever 1, weak 1, sturdy frame 1
a: Renounce Religion, Evoke Invisibility, Berserk, Trog's Hand, Brothers in Arms


You were on level 2 of the Snake Pit.
You worshipped Trog.
Trog was extremely pleased with you.
You visited 6 branches of the dungeon, and saw 27 of its levels.
You visited 1 bazaar.
You also visited: Gauntlet, Ice Cave and Volcano.

You collected 3343 gold pieces.
You spent 2397 gold pieces at shops.

Inventory:

Hand Weapons
 a - a +6 antimagic quarterstaff
 f - a +0 lajatang
 m - the +7 lajatang of Order (weapon) {silver, rMut}
   (You acquired it on level 6 of the Lair of Beasts)

   It inflicts extra damage upon those it strikes, and deals substantially
   increased damage to chaotic, mutated and magically transformed beings.
   rMut:      It protects you from mutation.
 L - a +2 lajatang of flaming
Missiles
 i - 4 curare-tipped darts
 E - 22 boomerangs (quivered)
 S - 2 throwing nets
Armour
 d - a scarf of invisibility (worn)
 o - a +1 helmet (worn)
 r - a +2 pair of boots of flying (worn)
 w - a scarf of repulsion
 M - the +1 chain mail of Spite (worn) {Str+2}
   (You bought it in a shop on level 6 of the Dungeon)

   Str:       It affects your strength (+2).
 P - a +0 scale mail of cold resistance
 U - +0 swamp dragon scales
Jewellery
 b - a ring of protection from cold (left claw)
 l - a +4 ring of evasion
 t - the amulet of Peace (around neck) {Reflect rElec rC+ Will+ Regen+ SH+5}
   (You found it in an ice cave)

   [amulet of reflection]

   It reflects blocked missile attacks.
   rC:        It protects you from cold.
   rElec:     It insulates you from electricity.
   Regen:     It increases your rate of health regeneration.
   SH:        It affects your SH (+5).
   Will:      It increases your willpower.
 x - an amulet of regeneration
 C - the ring of Fanaticism (right claw) {rPois rN+}
   (You found it in a Gauntlet)

   [ring of positive energy]

   rPois:     It protects you from poison.
   rN:        It protects you from negative energy.
 J - an amulet of reflection
 Y - the ring "Epehob" {rElec rF- rC+ rN++ Slay+3}
   (You found it in an ice cave)

   [ring of protection from cold]

   Slay:      It affects your accuracy & damage with ranged weapons and melee
   (+3).
   rF:        It makes you vulnerable to fire.
   rC:        It protects you from cold.
   rElec:     It insulates you from electricity.
   rN:        It greatly protects you from negative energy.
Wands
 n - a wand of digging (14)
 u - a wand of mindburst (12)
 z - a wand of flame (78)
 H - a wand of paralysis (21)
 I - a wand of acid (9)
 K - a wand of polymorph (9)
 N - a wand of iceblast (17)
Scrolls
 e - 4 scrolls of identify
 g - 7 scrolls of teleportation
 p - 2 scrolls of fear
 y - 2 scrolls of magic mapping
 A - 4 scrolls of enchant weapon
 D - 4 scrolls of fog
 O - 3 scrolls of enchant armour
 Q - 4 scrolls of immolation
 R - a scroll of summoning
 X - 2 scrolls of blinking
Potions
 c - 5 potions of heal wounds
 h - 2 potions of mutation
 j - a potion of cancellation
 q - 3 potions of lignification
 v - 16 potions of curing
 B - 3 potions of resistance
 F - 2 potions of might
 G - 2 potions of invisibility
 T - 2 potions of haste
 V - 4 potions of attraction
 W - 3 potions of ambrosia
Miscellaneous
 k - a condenser vane (inert)
 s - a phial of floods
 Z - a tin of tremorstones (inert)


   Skills:
 * Level 16.0 Fighting
 - Level 14.0 Staves
 + Level 11.7 Armour
 + Level 10.8 Dodging
 - Level 0.8 Stealth
 + Level 11.9 Evocations


You had 15 spell levels left.
You didn't know any spells.
Your spell library contained the following spells:

 Spells                   Type           Power      Damage    Failure   Level
 Sandblast                Erth           0%         2d4       77%         1
 Sting                    Tmut/Pois      0%         1d3       77%         1
 Ensorcelled Hibernation  Hex/Ice        0%         N/A       88%         2
 Passwall                 Tmut/Erth      0%         N/A       88%         2
 Poisonous Vapours        Pois/Air       0%         N/A       88%         2
 Spider Form              Tmut/Pois      0%         N/A       98%         3
 Stone Arrow              Conj/Erth      0%         3d7       98%         3
 Olgreb's Toxic Radiance  Pois           0%         N/A       100%        4


Dungeon Overview and Level Annotations

Branches:
Dungeon (15/15)            Temple (1/1) D:7            Lair (6/6) D:11
 Shoals (0/4) Lair:2        Snake (2/4) Lair:2        Slime (1/5) Lair:5
    Orc (2/2) D:11            Elf (0/3) Orc:2        Vaults (0/5) D:14
 Depths (0/4) D:15          IceCv (visited)         Volcano (visited)
Gauntlet (visited)

Altars:
Ashenzari
Cheibriados
Dithmenos
Elyvilon
Fedhas
Gozag
Hepliaklqana
Kikubaaqudgha
Makhleb
Nemelex Xobeh
Okawaru
Qazlal
Ru
Sif Muna
Trog
Uskayaw
Vehumet
Wu Jian
Xom
Yredelemnul
Zin
The Shining One

Shops:
D:2 ?   D:6 [   D:12 *   Orc:2 *=[*(:*   Snake:1 =::

Annotations:
Lair:5 1 runed translucent door, Ziry's ghost, journeyman DgIE


Innate Abilities, Weirdness & Mutations

You have claws for hands.
You are completely covered in rugged brown scales. (AC +3, +7% HP)
A meltable shield of frost defends you. (SH +0)
Spells you cast may paralyse nearby enemies.
You are partially covered in large bone plates. (SH +4)
Your mind is acute. (Int +2)
You are weak. (Str -2)
Your movements are slightly less encumbered by armour. (ER -2)


Message History

You take 14 damage, and have 68/147 hp.
Clouds of flame condense around you!
The condenser dries out!
You feel sick.
You are no longer poisoned.
The naga mage is engulfed in blazing flames.
Okay, then.
The naga mage is engulfed in blazing flames.
The salamander mystic gestures at the salamander while chanting.
The salamander seems to speed up.
The naga mage is engulfed in blazing flames.
The salamander mystic hits you with a +0 dagger.
You are engulfed in flames!!
Your condensation shield dissipates!
You take 20 damage, and have 49/147 hp.
You slice the salamander mystic!!
The salamander mystic is moderately wounded.
You block the naga mage's attack.
A salamander comes into view. It is wielding a +0 spear.
You block the salamander's attack.
The salamander shoots an arrow.
The arrow closely misses you.
The salamander hits you but does no damage.
The salamander mystic misses you.
You see here a +0 spear.
The salamander hits you from afar with a +0 halberd!!
* * * LOW HITPOINT WARNING * * *
You are engulfed in flames!
* * * LOW HITPOINT WARNING * * *
The salamander shoots an arrow.
You reflect the arrow off an invisible shield around you!
The arrow hits the salamander!!
The salamander hits you but does no damage.
Items here: $ ))) [ ††.
You take 26 damage, and have 25/147 hp.
Your skin crawls.
You feel strong-willed.
The salamander hits you but does no damage. x2
The salamander mystic points at the salamander mystic and mumbles some strange words.
The salamander mystic seems to speed up.
The salamander mystic casts a spell at you.
The lance of force hits you!!
You die...

...# #.#..## ##...#
[...##.....# #...#
...... #....###...#
....#.# #.#..###..##
.......##.....###..#
#.......##....##..##
#...)#§###N#..#...##
#...).§N##.........#
...##..§}N§@##.......##
##...N#N####......#
#....NN.####)...[#
...##......(##.....#
.... ##....(.##....÷##
#... #...}..##.....<#
##.. ###########....#
##...# #...#


You could see 2 salamander mystics, 4 salamanders and a naga mage (fast).

Vanquished Creatures
  An azure jelly (IceCv)
  An orc warlord (Orc:2)
  Louise (D:14)
  2 quicksilver oozes (IceCv)
  A minotaur (Gauntlet)
  A fire dragon (D:15)
  8 vault guards (D:14)
  7 hydras
  A rakshasa (D:15)
  A boulder beetle (D:13)
  4 naga warriors (Snake:1)
  An ice dragon (D:15)
  Harold (D:11)
  A death knight (D:14)
  3 anacondas
  3 death yaks (Lair:1)
  2 tengu warriors
  5 centaur warriors
  4 two-headed ogres
  2 orc high priests (Orc:2)
  7 naga sharpshooters (Snake:1)
  Nergalle (Lair:2)
  A salamander mystic (Snake:1)
  2 wizards
  2 mana vipers (Snake:1)
  6 orc knights
  12 ugly things
  2 orc sorcerers
  5 salamanders (Snake:1)
  2 manticores
  3 cyclopes
  9 elephants
  A guardian serpent (Snake:1)
  18 black mambas
  9 naga magi
  6 cane toads
  4 ice statues
  A torpor snail (Gauntlet)
  A kobold demonologist (D:10)
  Maggie (Lair:1)
  2 unseen horrors (D:12)
  7 komodo dragons
  3 rime drakes
  A freezing wraith (D:15)
  An entropy weaver simulacrum (IceCv)
  A polar bear (shapeshifter) (D:15)
  A raiju (Gauntlet)
  9 blink frogs (Lair:6)
  11 trolls
  6 hornets
  4 polar bears
  A wind drake (shapeshifter) (D:13)
  Prince Ribbit (D:9)
  25 slime creatures
  5 dream sheep (Lair:6)
  A vampire (D:11)
  12 spriggans (Lair:6)
  2 centaur simulacra (Gauntlet)
  2 wyverns
  33 yaks
  3 fire bats (Volcano)
  2 basilisks
  3 steam dragons
  18 nagas
  5 wargs
  An acid dragon (D:12)
  4 demonic crawler simulacra (IceCv)
  2 hell hounds (Lair:4)
  24 water moccasins
  25 orc warriors
  A necrophage (D:6)
  A meliai simulacrum (Gauntlet)
  A hornet zombie (D:7)
  A sky beast (D:7)
  5 black bears
  4 boggarts (Lair:6)
  2 ice beasts
  5 ogres
  2 ugly thing simulacra (IceCv)
  29 wolves
  14 centaurs
  A phantom (D:4)
  2 gnoll sergeants
  A scorpion (D:6)
  8 bullfrogs
  4 glowing shapeshifter simulacra (IceCv)
  A cane toad simulacrum (Gauntlet)
  A wyvern skeleton (D:7)
  10 killer bees
  6 wights
  7 electric eels
  4 lava snakes (Volcano)
  3 centaur zombies
  6 howler monkeys
  A bullfrog zombie (D:5)
  A centaur skeleton (D:4)
  7 hounds
  2 jellies
  9 orc priests
  2 iguanas
  Natasha (thrice) (D:2)
  19 orc wizards
  6 hell rats (Lair:5)
  2 howler monkey zombies
  10 gnolls
  4 adders
  3 worms
  4 dart slugs
  49 orcs
  A ball python (D:2)
  4 bats
  4 endoplasms
  2 giant cockroaches (D:2)
  3 goblins
  5 hobgoblins
  3 jackals (D:3)
  3 quokkas
  6 frilled lizards
  6 kobolds
  4 rats
640 creatures vanquished.

Vanquished Creatures (collateral kills)
  A two-headed ogre (D:7)
  3 slime creatures (IceCv)
  3 entropy weaver simulacra (IceCv)
  A troll (Orc:2)
  A hell hound (Volcano)
  A centaur skeleton (D:7)
  3 gnolls (D:5)
  An adder (D:5)
  2 orcs
16 creatures vanquished.

Vanquished Creatures (others)
  A deep elf pyromancer (D:13)
  2 orcs (D:6)
  A ball python (D:4)
  2 demonic plants (Gauntlet)
  28 fungi
  28 plants
62 creatures vanquished.

Grand Total: 718 creatures vanquished

Notes
Turn   | Place    | Note
-------+----------+-------------------------------------------
     0 | D:1      | jasper the Demonspawn Artificer began the quest for the
                  | Orb.
     0 | D:1      | Reached XP level 1. HP: 15/15 MP: 1/1
   195 | D:1      | Reached skill level 1 in Dodging
   236 | D:1      | Found a faded altar of an unknown god.
   384 | D:1      | Gained mutation: You are partially covered in rugged brown
                  | scales. (AC +1, +3% HP) [demonic ancestry]
   384 | D:1      | Reached XP level 2. HP: 11/21 MP: 2/2
  1491 | D:2      | Noticed Natasha
  1496 | D:2      | Noticed a crimson imp
  1498 | D:2      | Noticed a crimson imp
  1499 | D:2      | Gained mutation: You have hidden genetic potential. [potion
                  | of mutation]
  1499 | D:2      | Gained mutation: You are weak. (Str -2) [potion of
                  | mutation]
  1499 | D:2      | Gained mutation: Your spells are a little harder to cast,
                  | but a little more powerful. [potion of mutation]
  1542 | D:2      | Noticed a crimson imp
  1546 | D:2      | Killed Natasha
  1547 | D:2      | Reached skill level 2 in Fighting
  1547 | D:2      | Gained mutation: You are mostly covered in rugged brown
                  | scales. (AC +2, +5% HP) [demonic ancestry]
  1547 | D:2      | Reached XP level 3. HP: 11/28 MP: 3/3
  1547 | D:2      | Lost mutation: You are weak. (Str -2) [potion of mutation]
  1547 | D:2      | Lost mutation: Your spells are a little harder to cast, but
                  | a little more powerful. [potion of mutation]
  1547 | D:2      | Lost mutation: You have hidden genetic potential. [potion
                  | of mutation]
  1547 | D:2      | Gained mutation: Your mind is acute. (Int +2) [potion of
                  | mutation]
  1547 | D:2      | Gained mutation: You are weak. (Str -2) [potion of
                  | mutation]
  1547 | D:2      | Gained mutation: Your movements are slightly less
                  | encumbered by armour. (ER -2) [potion of mutation]
  1547 | D:2      | Gained mutation: You are partially covered in large bone
                  | plates. (SH +4) [potion of mutation]
  2115 | D:2      | Noticed Natasha
  2128 | D:2      | Killed Natasha
  2129 | D:2      | Reached skill level 1 in Staves
  2129 | D:2      | Reached XP level 4. HP: 6/34 MP: 4/4
  2444 | D:2      | Found Buonuo Buamm's Magic Scroll Shop.
  2445 | D:2      | Noticed Natasha
  2455 | D:2      | Killed Natasha
  2472 | D:2      | Bought a scroll of fear for 45 gold pieces
  2472 | D:2      | Bought a scroll of teleportation for 39 gold pieces
  3190 | D:3      | Gained mutation: You are completely covered in rugged brown
                  | scales. (AC +3, +7% HP) [demonic ancestry]
  3190 | D:3      | Reached XP level 5. HP: 34/40 MP: 5/5
  3572 | D:3      | You fall into a shaft and drop 1 floor!
  3572 | D:4      | Noticed a phantom
  3577 | D:4      | Noticed an ogre
  3601 | D:4      | Killed an ogre
  4137 | D:4      | Reached XP level 6. HP: 32/47 MP: 6/6
  4214 | D:4      | Reached skill level 5 in Staves
  4390 | D:4      | Noticed an ice beast
  4402 | D:4      | Killed an ice beast
  4525 | D:4      | Reached XP level 7. HP: 53/53 MP: 7/7
  4935 | D:5      | Entered Level 5 of the Dungeon
  5954 | D:6      | Found Aselym's Antique Armour Shoppe.
  6562 | D:6      | Gained mutation: Spells you cast may paralyse adjacent
                  | enemies. [demonic ancestry]
  6562 | D:6      | Reached XP level 8. HP: 58/59 MP: 8/8
  7303 | D:7      | Noticed a two-headed ogre
  7327 | D:7      | Killed a two-headed ogre
  7347 | D:7      | Reached skill level 10 in Staves
  7378 | D:7      | Found a staircase to the Ecumenical Temple.
  7390 | Temple   | Entered the Ecumenical Temple
  7441 | Temple   | Became a worshipper of Trog the Wrathful
  7670 | D:7      | Gained mutation: You have sharp fingernails. [demonic
                  | ancestry]
  7670 | D:7      | Reached XP level 9. HP: 65/65 MP: 9/9
  9057 | D:8      | Reached * piety under Trog
  9202 | D:8      | Paralysed by a hornet for 3 turns
  9527 | D:8      | Noticed a centaur warrior
  9539 | D:8      | Killed a centaur warrior
  9540 | D:8      | Gained mutation: You have very sharp fingernails. [demonic
                  | ancestry]
  9540 | D:8      | Reached XP level 10. HP: 55/71 MP: 10/10
  9653 | D:6      | Bought a twisted chain mail for 275 gold pieces
  9653 | D:6      | Identified the +1 chain mail of Spite {Str+2} (You bought
                  | it in a shop on level 6 of the Dungeon)
 10475 | D:9      | Noticed Prince Ribbit
 10484 | D:9      | Killed Prince Ribbit
 10918 | D:10     | Entered Level 10 of the Dungeon
 10918 | D:10     | Noticed a two-headed ogre
 10921 | D:10     | Killed a two-headed ogre
 11107 | D:10     | Noticed a two-headed ogre
 11114 | D:10     | Killed a two-headed ogre
 11115 | D:10     | Reached skill level 3 in Fighting
 11127 | D:10     | Reached ** piety under Trog
 11400 | D:10     | Reached skill level 4 in Fighting
 11711 | D:10     | Found a blossoming altar of Fedhas.
 12555 | D:11     | Noticed an orc knight
 12569 | D:11     | Killed an orc knight
 12570 | D:11     | Gained mutation: You have claws for hands. [demonic
                  | ancestry]
 12570 | D:11     | Reached XP level 11. HP: 83/83 MP: 11/11
 12635 | D:11     | Noticed an eight-headed hydra
 12652 | D:11     | Killed an eight-headed hydra
 12762 | D:11     | Reached skill level 5 in Fighting
 12929 | D:11     | Found a staircase to the Lair.
 12995 | D:11     | Noticed Harold
 13260 | D:11     | Killed Harold
 13539 | D:11     | Found a staircase to the Orcish Mines.
 13597 | D:11     | Reached skill level 6 in Fighting
 13614 | D:11     | Reached *** piety under Trog
 13630 | D:11     | Reached skill level 5 in Evocations
 14057 | Lair:1   | Entered Level 1 of the Lair of Beasts
 14216 | Lair:1   | Noticed an eight-headed hydra
 14268 | Lair:1   | Killed an eight-headed hydra
 14269 | Lair:1   | Reached skill level 7 in Fighting
 14269 | Lair:1   | Reached skill level 5 in Armour
 14424 | Lair:1   | Noticed Maggie
 14446 | Lair:1   | Killed Maggie
 14794 | Lair:2   | Noticed a death yak
 14794 | Lair:2   | Noticed a death yak
 14794 | Lair:2   | Noticed a death yak
 14821 | Lair:1   | Killed a death yak
 14822 | Lair:1   | Reached skill level 5 in Dodging
 14936 | Lair:1   | Killed a death yak
 14937 | Lair:1   | Gained mutation: A meltable shield of frost defends you.
                  | (SH +0) [demonic ancestry]
 14937 | Lair:1   | Reached XP level 12. HP: 98/98 MP: 12/12
 14997 | Lair:1   | Reached skill level 8 in Fighting
 15072 | Lair:1   | Killed a death yak
 15339 | Lair:2   | Noticed Nergalle
 15353 | Lair:2   | Killed Nergalle
 15576 | Lair:2   | Found a staircase to the Shoals.
 15712 | Lair:2   | Found a staircase to the Snake Pit.
 15818 | Lair:2   | Noticed a seven-headed hydra
 15828 | Lair:2   | Killed a seven-headed hydra
 16175 | Lair:3   | Reached skill level 9 in Fighting
 16823 | Lair:3   | Reached **** piety under Trog
 17537 | Lair:4   | Found a dark tunnel.
 17571 | Volcano  | Entered a volcano
 17668 | Volcano  | HP: 1/103 [smoke demon/divine providence (16)]
 17923 | Lair:4   | Reached skill level 10 in Fighting
 18169 | Lair:4   | Noticed an eight-headed hydra
 18188 | Lair:4   | Killed an eight-headed hydra
 18376 | Lair:4   | Noticed a six-headed hydra
 18389 | Lair:4   | Killed a six-headed hydra
 19009 | Lair:5   | Found a staircase to the Slime Pits.
 19051 | Lair:5   | Noticed an anaconda
 19061 | Lair:5   | Killed an anaconda
 19062 | Lair:5   | Reached XP level 13. HP: 109/109 MP: 13/13
 19423 | Lair:5   | Found a runed translucent door.
 19424 | Lair:5   | Noticed Ziry's ghost (journeyman DgIE)
 19696 | Slime:1  | Entered Level 1 of the Pits of Slime
 19710 | Lair:6   | Entered Level 6 of the Lair of Beasts
 19718 | Lair:6   | Identified a scroll of acquirement
 19719 | Lair:6   | Acquired the +7 lajatang of Order {silver, rMut}
 19719 | Lair:6   | Found the +7 lajatang of Order {silver, rMut}
 19899 | D:6      | Bought a pair of embroidered boots for 217 gold pieces
 20019 | Orc:1    | Entered Level 1 of the Orcish Mines
 20097 | Orc:1    | Reached ***** piety under Trog
 20194 | Orc:1    | Received a gift from Trog
 20519 | Orc:2    | Entered Level 2 of the Orcish Mines
 20520 | Orc:2    | Noticed an orc warlord
 20525 | Orc:2    | Reached skill level 11 in Fighting
 20621 | Orc:2    | Found a staircase to the Elven Halls.
 20658 | Orc:2    | Found a flickering gateway to a bazaar.
 20669 | Bazaar   | Entered a bazaar
 20675 | Bazaar   | Found Edifaluh's Distillery.
 20703 | Bazaar   | Found Dor Sian's Distillery.
 20733 | Bazaar   | Found Yssipn's Armour Shop.
 20733 | Bazaar   | Found Rastud's Book Boutique.
 20760 | Bazaar   | Bought a potion of invisibility for 96 gold pieces
 20760 | Bazaar   | Bought a potion of curing for 36 gold pieces
 20760 | Bazaar   | Bought a potion of heal wounds for 60 gold pieces
 20760 | Bazaar   | Bought a potion of heal wounds for 60 gold pieces
 20760 | Bazaar   | Bought a potion of curing for 36 gold pieces
 20760 | Bazaar   | Bought a potion of curing for 36 gold pieces
 20760 | Bazaar   | Bought 2 potions of mutation for 192 gold pieces
 20775 | Bazaar   | Bought a potion of curing for 30 gold pieces
 20775 | Bazaar   | Bought a potion of heal wounds for 50 gold pieces
 20775 | Bazaar   | Bought a potion of curing for 30 gold pieces
 20839 | Orc:2    | Killed an orc warlord
 20925 | Orc:2    | Found Fapruip's General Store.
 21024 | Orc:2    | Found Jitoabeg's Assorted Antiques.
 21027 | Orc:2    | Found Xisal's Antique Weapon Shoppe.
 21125 | Orc:2    | Found Edonim's Book Emporium.
 21131 | Orc:2    | Bought a ruby potion for 21 gold pieces
 21225 | Orc:2    | Found Nieci's Antique Armour Shop.
 21241 | Orc:2    | Bought a runed scarf for 232 gold pieces
 21274 | Orc:2    | Found Ditimep's Jewellery Emporium.
 21291 | Orc:2    | Found Ficize Wago's Overcharged Wands.
 21583 | Orc:2    | Bought a potion of curing for 72 gold pieces
 21738 | Lair:6   | Reached skill level 12 in Fighting
 22204 | Lair:6   | Received a gift from Trog
 22205 | Lair:6   | Reached XP level 14. HP: 103/124 MP: 4/14
 22840 | Lair:6   | Identified the +3 leather armour "Quqes" {rF- rC+ Will++
                  | MP+9}
 23672 | D:12     | Found Teniedot's Assorted Antiques.
 23785 | D:12     | Reached skill level 13 in Fighting
 24681 | D:13     | Found a frozen archway.
 24701 | IceCv    | Entered an ice cave
 25107 | IceCv    | Reached skill level 10 in Evocations
 25371 | IceCv    | Noticed a quicksilver ooze
 25381 | IceCv    | Killed a quicksilver ooze
 25718 | IceCv    | Noticed a quicksilver ooze
 25734 | IceCv    | Killed a quicksilver ooze
 25805 | IceCv    | Found a viscous altar of Jiyva.
 25805 | IceCv    | Noticed an azure jelly
 25821 | IceCv    | Killed an azure jelly
 25991 | IceCv    | Got the ring "Epehob" {rElec rF- rC+ rN++ Slay+3}
 25993 | IceCv    | Identified the amulet of Peace {Reflect rElec rC+ Will+
                  | Regen+ SH+5}
 26198 | D:13     | Reached skill level 14 in Fighting
 27028 | D:14     | Found a gate leading to a gauntlet.
 27040 | Gauntlet | Entered a Gauntlet
 27040 | Gauntlet | Found a transporter.
 27040 | Gauntlet | Found a transporter.
 27040 | Gauntlet | Found a transporter.
 27069 | Gauntlet | Found a transporter.
 27071 | Gauntlet | Found a transporter.
 27083 | Gauntlet | Found a transporter.
 27087 | Gauntlet | Found a large runed translucent door.
 27088 | Gauntlet | Found a large runed translucent door.
 27089 | Gauntlet | Found a large runed translucent door.
 27089 | Gauntlet | Found a large runed translucent door.
 27089 | Gauntlet | Found a runed translucent door.
 27106 | Gauntlet | Found a transporter.
 27123 | Gauntlet | Found a transporter.
 27141 | Gauntlet | Found a transporter.
 27145 | Gauntlet | Found a large runed translucent door.
 27146 | Gauntlet | Found a large runed translucent door.
 27147 | Gauntlet | Found a large runed translucent door.
 27147 | Gauntlet | Found a large runed translucent door.
 27148 | Gauntlet | Found a runed translucent gate.
 27149 | Gauntlet | Found a transporter.
 27149 | Gauntlet | Found a runed translucent gate.
 27150 | Gauntlet | Found a runed translucent gate.
 27151 | Gauntlet | Found a large runed translucent door.
 27151 | Gauntlet | Found a large runed translucent door.
 27152 | Gauntlet | Found a large runed translucent door.
 27153 | Gauntlet | Found a large runed translucent door.
 27162 | Gauntlet | Found a large runed translucent door.
 27162 | Gauntlet | Found a large runed translucent door.
 27162 | Gauntlet | Found a runed translucent door.
 27163 | Gauntlet | Found a large runed translucent door.
 27164 | Gauntlet | Found a large runed translucent door.
 27166 | Gauntlet | Found a transporter.
 27218 | Gauntlet | Found a transporter.
 27338 | Gauntlet | Identified the ring of Fanaticism {rPois rN+}
 27417 | Gauntlet | Gained mutation: Spells you cast may paralyse nearby
                  | enemies. [demonic ancestry]
 27417 | Gauntlet | Reached XP level 15. HP: 106/134 MP: 15/15
 27488 | Gauntlet | Identified the ring "Qinyhif" {Fire rElec Str+6 Dex+4}
 28044 | D:14     | Reached skill level 10 in Armour
 28186 | D:14     | Acquired a manual of Armour
 28191 | D:14     | Found a gate to the Vaults.
 28229 | D:14     | Reached ****** piety under Trog
 28229 | D:14     | Received a gift from Trog
 28420 | D:14     | Identified the +7 tower shield "Hapsior" {*Corrode rF+ rN+
                  | Slay+2}
 28420 | D:14     | Noticed Louise
 28443 | D:14     | Killed Louise
 28444 | D:14     | Reached skill level 10 in Dodging
 28503 | D:15     | Entered Level 15 of the Dungeon
 28608 | D:15     | Reached skill level 15 in Fighting
 29472 | D:15     | Found a staircase to the Depths.
 29680 | Snake:1  | Entered Level 1 of the Snake Pit
 30822 | Snake:1  | Found Asuphi's Jewellery Shoppe.
 30822 | Snake:1  | Found Huont's Book Shop.
 30823 | Snake:1  | Found Daseph's Book Shop.
 31326 | Snake:1  | Received a gift from Trog
 31331 | Snake:1  | Reached XP level 16. HP: 92/147 MP: 16/16
 31656 | Snake:2  | Reached skill level 16 in Fighting
 31667 | Snake:2  | Acquired 1103 gold pieces
 31905 | D:2      | Bought a scroll of acquirement for 676 gold pieces
 31905 | D:2      | Bought a scroll of enchant armour for 97 gold pieces
 31905 | D:2      | Bought a scroll of enchant weapon for 97 gold pieces
 31905 | D:2      | Acquired a manual of Dodging
 32225 | Snake:2  | Killed from afar by a salamander mystic

Illustrated notes

Levels and vault maps discovered:
D:1:      minmay_arrival_checkered_box, layout_loops_ring,
          shapermc_ecumenical_altar_mp_urbaneastern
D:2:      layout_loops_ring, serial_shops, nicolae_shop_trees,
          minmay_tromino_v2, uniq_natasha
D:3:      layout_loops_cross, minmay_misc_feat_nine_boxes
D:4:      layout_rooms
D:5:      layout_rooms
D:6:      layout_basic, serial_shops, shop, minivault_1, grunt_decor_clamped
D:7:      layout_loops_corners, minmay_temple_entry_tees,
          kennysheep_generic_room_9
D:8:      layout_loops_ring, hangedman_decor_diamond_cutter, minmay_three_doors
D:9:      layout_basic, uniq_prince_ribbit1
D:10:     layout_loops_ring, fedhas_altar_fruit_tree, kennysheep_another_room,
          kennysheep_path_1
D:11:     layout_basic, erik_lair_island, orc_0_dummy, wad_mini_maze,
          uniq_harold
D:12:     layout_loops_ring, serial_shops, nicolae_shop_waterfront
D:13:     layout_grid_maze, portal_ice_cave_entry_pillars_2
D:14:     layout_rooms, erik_vaults_2, gauntlet_entry_generic, minivault_27,
          uniq_louise
D:15:     grunt_enter_depths_hoard, layout_stronghold,
          nicolae_tso_swordbearing_angel
Temple:   grunt_wide_crystal_templ
Lair:1:   layout_cave_shapes, serial_bayou_shore_a, uniq_maggie
Lair:2:   layout_concentric_octagons, minmay_shoals_entry_centaurs,
          dummy_snake_entry, grunt_megastairs_2, uniq_nergalle
Lair:3:   layout_cave_pods, lemuel_fruit_fields
Lair:4:   layout_regular_city, enter_volcano_3
Lair:5:   beast_lair_carwin_large_3, layout_misc_corridors, slime_dummy,
          gammafunk_ghost_grave, serial_bayou_lagoon_a,
          infiniplex_staircase_pool, lemuel_fruit_tree
Lair:6:   minmay_lair_end_enchanted_forest, layout_layer_cave,
          serial_bayou_pond_d
Snake:1:  layout_cave_pods, drop_trap, nicolae_snake_serpentine_hallways,
          minmay_shop_grove
Snake:2:  layout_onion, hangedman_snake_corridor_cut
Slime:1:  layout_caves
Orc:1:    layout_caves
Orc:2:    grunt_orc_gardens, layout_caves, grunt_orc_garden, grunt_orc_garden,
          grunt_orc_garden, grunt_orc_garden, serial_shops, bzr_entry_lakeside,
          nicolae_square_shop, nicolae_shop_overgrown_old_shop,
          nicolae_shop_overcharged_wands

Skill      XL: |  1  2  3  4  5  6  7  8  9 10 11 12 13 14 15 16 |
---------------+-------------------------------------------------+-----
Dodging        | 1 3 5 6 8 9 10 | 10.8
Armour         | 2 3 5 7 8 9 11 | 11.7
Fighting       | 2 4 7 10 12 14 15 16 | 16.0
Staves         | 1 2 4 5 7 10 12 14 | 14.0
Evocations     | 4 6 7 9 10 11 | 11.9
Stealth        | |  0.8

Action                   |  1- 3 |  4- 6 |  7- 9 | 10-12 | 13-15 | 16-18 || total
-------------------------+-------+-------+-------+-------+-------+-------++-------
Melee: Short sword       |    32 |       |       |       |       |       ||    32
       Club              |    12 |       |       |       |       |       ||    12
       Quarterstaff      |    21 |   113 |   307 |   744 |    13 |       ||  1198
       Lajatang          |       |       |       |   109 |  1404 |    50 ||  1563
 Fire: Hunting sling     |    19 |       |       |       |       |       ||    19
Throw: Dart              |       |    14 |     2 |       |       |       ||    16
       Stone             |       |     7 |    29 |       |       |       ||    36
       Boomerang         |       |       |    30 |    92 |    59 |     9 ||   190
Invok: Berserk           |       |       |       |    18 |     9 |       ||    27
       Brothers in Arms  |       |       |       |     1 |     3 |       ||     4
       Trog's Hand       |       |       |       |       |     3 |     3 ||     6
Evoke: Wand              |    19 |     5 |     9 |    21 |    11 |       ||    65
       Tin of tremorston |       |       |       |       |     4 |     2 ||     6
       Condenser vane    |       |       |       |       |       |     1 ||     1
  Use: Scroll            |     2 |     5 |     8 |     8 |     7 |     2 ||    32
       Potion            |     3 |     2 |     1 |     5 |       |       ||    11
 Stab: Sleeping          |     1 |       |       |       |       |       ||     1
       Betrayed ally     |       |       |     1 |       |       |       ||     1
       Paralysed         |       |       |       |     2 |     6 |       ||     8
       Distracted        |       |       |       |       |     1 |       ||     1
Armor: Leather armour    |     7 |       |       |       |       |       ||     7
       Chain mail        |     6 |       |       |   183 |   145 |    22 ||   356
       Ring mail         |     9 |     4 |       |       |       |       ||    13
       Scale mail        |       |    37 |   102 |       |    36 |       ||   175
       Swamp dragon scal |       |       |       |   100 |   161 |       ||   261
Dodge: Dodged            |    38 |    50 |   126 |   372 |   667 |    31 ||  1284
Block: Other             |     9 |    14 |    55 |   167 |   486 |    44 ||   775
       Reflection        |       |       |       |       |    30 |     7 ||    37

Table legend: (Time is in decaauts)
 A = Elapsed time spent in this place.
 B = Non-inter-level travel time spent in this place.
 C = Inter-level travel time spent in this place.
 D = Time resting spent in this place.
 E = Time spent auto-exploring this place.
 F = Levels seen in this place.
 G = Mean time per level.
                   A        B        C        D        E       F      G
               +--------+--------+--------+--------+--------+-----+--------+
         Total |  31743 |  28940 |   2803 |   7743 |  15197 |  31 | 1024.0 |
       Dungeon |  18727 |  16857 |   1870 |   4357 |   9599 |  15 | 1248.5 |
        Temple |     60 |     52 |      8 |      0 |     32 |   1 |   60.0 |
          Lair |   7287 |   6615 |    672 |   1635 |   3699 |   6 | 1214.5 |
     Snake Pit |   2030 |   1961 |     69 |    705 |    760 |   2 | 1015.0 |
    Slime Pits |      1 |      1 |      0 |      0 |      0 |   1 |    1.0 |
  Orcish Mines |   1509 |   1326 |    183 |    151 |    691 |   2 |  754.5 |
        Bazaar |    112 |    112 |      0 |      0 |     75 |   1 |  112.0 |
      Ice Cave |   1396 |   1396 |      0 |    806 |    148 |   1 | 1396.0 |
       Volcano |    125 |    125 |      0 |      7 |     21 |   1 |  125.0 |
      Gauntlet |    491 |    491 |      0 |     80 |    171 |   1 |  491.0 |
               +--------+--------+--------+--------+--------+-----+--------+

Top non-repeatable levels by time:
    D:11: 2264 daAuts
 Snake:1: 1908 daAuts
     D:2: 1824 daAuts
  Lair:6: 1635 daAuts
     D:8: 1460 daAuts
   IceCv: 1396 daAuts
     D:7: 1392 daAuts
    D:10: 1326 daAuts
     D:6: 1324 daAuts
  Lair:2: 1253 daAuts
  Lair:3: 1242 daAuts
     D:3: 1215 daAuts
     D:1: 1123 daAuts
  Lair:4: 1120 daAuts
    D:13: 1086 daAuts
